 Dungeon Crawl Stone Soup version 0.16.1-18-g436b03c (webtiles) character file.

214 Leviathan2552 the Bolt Thrower (level 5, 0/40 HPs)
             Began as a Centaur Arcane Marksman on May 4, 2015.
             Slain by a big kobold (4 damage)
             ... in a sewer.
             The game lasted 00:20:34 (2685 turns).

Leviathan2552 the Bolt Thrower (CeAM)               Turns: 2685, Time: 00:20:34

Health: 0/40       AC:  4    Str: 14    XL:     5   Next: 60%
Magic:  6/6        EV:  9    Int: 12    God:
Gold:   66         SH:  0    Dex:  9    Spells: 1 memorised, 5 levels left

rFire  . . .     SeeInvis .     b - +0 hand crossbow
rCold  . . .     Clarity  .     s - +0 leather armour
rNeg   . . .     SustAb   .     (no shield)
rPois  .         Gourm    .     (no helmet)
rElec  .         Spirit   .     (no cloak)
rCorr  .         Warding  .     (no gloves)
rMut   .         Stasis   .     (no barding)
MR     .....                    (no amulet)
Stlth  +.........               (no ring)
                                (no ring)

@: very quick, not resistant to hostile enchantments, very unstealthy
A: hooves 3, deformed body, speed 2, tough skin 3
a: no special abilities


You were in a sewer.
You were not hungry.

You visited 1 branch of the dungeon, and saw 3 of its levels.
You also visited: Sewer.

You collected 66 gold pieces.

Inventory:

Hand weapons
 b - a +0 hand crossbow (weapon)
Armour
 a - a +0 robe
 s - a +0 leather armour (worn)
Magical devices
 m - a wand of teleportation (1)
Scrolls
 h - a scroll of blinking {unknown}
 i - 2 scrolls of teleportation {unknown}
 k - a scroll of fear {unknown}
 l - 3 scrolls of remove curse {unknown}
 q - a scroll of identify {unknown}
 r - a scroll of random uselessness {unknown}
 u - 2 scrolls of fog {unknown}
Potions
 e - a potion of ambrosia {unknown}
 g - a potion of berserk rage {unknown}
 j - a potion of agility {unknown}
 n - a potion of haste {unknown}
 o - a potion of curing {unknown}
 t - a potion of heal wounds {unknown}
Books
 d - a book of Debilitation

   Spells                             Type                      Level
   a - Corona                         Hexes                        1
   b - Slow                           Hexes                        2
   c - Inner Flame                    Hexes/Fire                   3
   d - Enslavement                    Hexes                        4
   e - Cause Fear                     Hexes                        4
   f - Leda's Liquefaction            Hexes/Earth                  4
Comestibles
 f - a bread ration
 v - a chunk of flesh


   Skills:
 + Level 1.0 Fighting
 * Level 5.6 Crossbows
 * Level 1.1 Armour
 + Level 1.5 Dodging
 + Level 0.1 Stealth
 + Level 1.1 Spellcasting
 + Level 3.1 Hexes


You had 5 spell levels left.
You knew the following spells:

 Your Spells              Type           Power        Failure   Level  Hunger
a - Corona                Hex            #......      12%         1    ##.....


Dungeon Overview and Level Annotations

Branches:
Dungeon (3/15)

Altars:
Cheibriados


Innate Abilities, Weirdness & Mutations

You have hooves in place of feet.
Armour fits poorly on your strangely shaped body.
You cover ground very quickly.
You have extremely tough skin (AC +3).


Message History

The big kobold is severely wounded.
The big kobold hits you.
* * * LOW HITPOINT WARNING * * *
The big kobold completely misses you.
You clumsily bash the big kobold but do no damage.
Your kick misses the big kobold.
The big kobold is severely wounded.
The big kobold hits you.
* * * LOW HITPOINT WARNING * * *
You enter the shallow water.
Moving in this stuff is going to be slow.
The big kobold hits you.
* * * LOW HITPOINT WARNING * * *
You clumsily bash the big kobold but do no damage.
The big kobold is severely wounded.
The big kobold completely misses you.
You clumsily bash the big kobold but do no damage.
The big kobold is severely wounded.
The big kobold hits you.
You die...

#≈###≈# #≈.≈≈≈# ##≈..##
#..≈# #...# #≈≈.## #####
#.≈..## #.(≈((#####
#.≈..≈###
#((K@≈########≈.≈..≈≈
#.≈≈≈≈###≈.≈≈.≈.####≈≈≈≈≈
##### #≈≈≈≈≈.≈≈# ##...≈
#≈≈.≈≈≈≈.####≈..≈
≈≈≈≈####.≈≈.##≈.≈≈≈ #####
##≈.≈≈≈≈...≈ ##≈≈..≈≈...
#≈≈..≈≈≈.. #≈≈.≈≈≈.∩.


You could see a big kobold.

Vanquished Creatures
  A big kobold (Sewer)
  Ijyb (D:2)
  A river rat (Sewer)
  5 adders
  2 giant mites (D:3)
  3 worms
  5 giant geckos (D:3)
  An orc (D:3)
  A ball python (Sewer)
  2 bats
  3 giant cockroaches (D:3)
  3 goblins
  A hobgoblin (D:1)
  7 kobolds
  4 giant newts
  7 rats
47 creatures vanquished.

Notes
Turn   | Place    | Note
--------------------------------------------------------------
     0 | D:1      | Leviathan2552, the Centaur Arcane Marksman, began the quest for the Orb.
     0 | D:1      | Reached XP level 1. HP: 16/16 MP: 2/2
   185 | D:1      | Found a snail-covered altar of Cheibriados.
   360 | D:1      | Reached XP level 2. HP: 17/23 MP: 3/3
   828 | D:2      | Noticed Ijyb
   847 | D:2      | Killed Ijyb
   847 | D:2      | Reached skill level 3 in Crossbows
   847 | D:2      | Reached XP level 3. HP: 26/28 MP: 4/4
  1683 | D:3      | Reached skill level 4 in Crossbows
  1683 | D:3      | Reached XP level 4. HP: 22/35 MP: 4/4
  1690 | D:3      | Found a glowing drain.
  1726 | Sewer    | Entered a sewer
  2226 | Sewer    | Noticed a big kobold
  2257 | Sewer    | Killed a big kobold
  2257 | Sewer    | Reached skill level 5 in Crossbows
  2257 | Sewer    | Reached skill level 1 in Armour
  2257 | Sewer    | Reached XP level 5. HP: 2/40 MP: 6/6
  2665 | Sewer    | Noticed a big kobold
  2685 | Sewer    | Slain by a big kobold

Action                   |  1- 3 |  4- 6 || total
-------------------------+-------+-------++-------
Melee: Hand crossbow     |       |    29 ||    29
 Fire: Hand crossbow     |   104 |    66 ||   170
Throw: Throwing net      |     1 |     2 ||     3
  Eat: Chunk             |     1 |     1 ||     2
       Bread ration      |       |     1 ||     1
